AoeStats
← | ArCas | Toruk Makto

Nomad

503745640Analyzed
4v4 RM · 1mo ago on Sep 2, 2026· 26m 2s· 8 players
Game mode
Random Map
Map size
231×231
Population
200
Speed
Normal
Resources
Standard
Victory
Conquest
Starting age
Dark Age
Ending age
Imperial Age
RankedLock teamsTeams togetherTeam positionsShared explorationLock speedFull tech treeHidden civsTurbo modeCheats
Victory
Defeat
🇧🇷 Inca · Brazil
1474
+11
🇧🇷 Dravidians · Brazil
1440
+13
🇧🇷 Vietnamese · Brazil
1405
+14
🇧🇷 Persians · Brazil
1302
+19
🇦🇷 Persians · Argentina
1394
-15
🇦🇷 Khmer · Argentina
1384
-15
🇺🇸 Lithuanians · United States
1378
-15
🇺🇸 Vikings · United States
1328
-13
R Blong 2 me
4:51 Loom
14:43 Feudal Age
15:13 Double-Bit Axe
15:23 Fishing Lines
22:46 Castle Age
22:14 Bloodlines
22:11 Scale Barding Armor
22:01 Gold Mining
23:50 Bow Saw
24:54 Fletching
25:08 Gillnets
Banana Latte
3:18 Loom
21:56 Feudal Age
22:31 Double-Bit Axe
24:33 Man-at-Arms
| ArCas | Toruk Makto
3:45 Loom
15:08 Feudal Age
17:52 Castle Age
16:21 Horse Collar
17:07 Forging
17:37 Bloodlines
18:22 Scale Barding Armor
21:10 Husbandry
Owen Guillermo Crippa
4:51 Loom
16:34 Feudal Age
22:51 Castle Age
TmZ_Jx
4:06 Loom
5:03 Loom
12:30 Feudal Age
13:39 Champi Runner
16:27 Wheelbarrow
16:34 Forging
20:28 Scale Mail Armor
23:15 Castle Age
25:36 Fletching
TmZ_Mosquito Sedutor
6:06 Loom
13:19 Feudal Age
14:07 Town Watch
17:41 Double-Bit Axe
20:23 Castle Age
19:36 Fletching
20:33 Fishing Lines
21:33 Husbandry
22:35 Bow Saw
22:30 Gold Mining
23:04 Bloodlines
TmZ_Zanat
3:40 Loom
17:02 Feudal Age
21:41 Wheelbarrow
22:39 Fletching
26:30 Castle Age
25:16 Double-Bit Axe
25:24 Gold Mining
26:05 Stone Mining
25:57 Horse Collar
TmZ_Noda
3:01 Loom
14:23 Feudal Age
16:38 Gold Mining
17:46 Fletching
21:16 Castle Age
22:35 Bodkin Arrow
24:11 Medium Warships
24:54 Fishing Lines
Connection lost

Rejoining the realm…

Still unreachable

The connection could not be restored.

Session expired

The server has moved on; the page needs a fresh start.